 Seeded DCSS version 0.31.0-11-ge490571c62 (webtiles) character file.

Game seed: 6461164341923282812 (custom seed)

1431 CInkIbrahim the Cruncher (level 9, -2/64 HPs)
             Began as a Formicid Fighter on Jan 28, 2024.
             Slain by an orc priest
             ... wielding a +0 flail
              (5 damage)
             ... on level 5 of the Dungeon.
             The game lasted 00:11:59 (4242 turns).

CInkIbrahim the Cruncher (Formicid Fighter)         Turns: 4242, Time: 00:11:59

Health: -2/64      AC:  8    Str: 24    XL:     9   Next: 3%
Magic:  9/9        EV:  9    Int:  9    God:
Gold:   324        SH:  5    Dex: 13    Spells: 8/8 levels left

rFire   . . .        d - +3 quarterstaff (chaos)
rCold   . . .        c - +0 buckler
rNeg    . . .        e - +0 scale mail
rPois   .            (helmet unavailable)
rElec   .            t - +0 cloak
rCorr   .            (no gloves)
SInv    +            (no boots)
Will    .....        (no amulet) Stlth
                     (no ring)
HPRegen 0.30/turn    (no ring)
MPRegen 0.11/turn

%: no passive effects
@: lethally poisoned (-2 -> -7)
A: permanent stasis, dig shafts and tunnels, antennae 3, four strong arms
a: Dig, Shaft Self


You were on level 5 of the Dungeon.
You visited 1 branch of the dungeon, and saw 5 of its levels.

You collected 324 gold pieces.

Inventory:

Hand Weapons
 a - a +0 quarterstaff
 d - a +3 quarterstaff of chaos (weapon)
 s - a +2 hammer of protection
Missiles
 b - 6 atropa-tipped darts (quivered)
Armour
 c - a +0 buckler (worn)
 e - a +0 scale mail (worn)
 k - an orb of energy
 t - a +0 cloak (worn)
Wands
 r - a wand of polymorph (7)
 v - a wand of paralysis (9)
Scrolls
 h - 2 scrolls of amnesia {unknown}
 i - a scroll of revelation
 j - a scroll of brand weapon {unknown}
 l - a scroll of poison {unknown}
 p - a scroll of enchant weapon {unknown}
 u - 3 scrolls of immolation {unknown}
Potions
 f - 3 potions of heal wounds
 g - a potion of lignification
 m - 3 potions of enlightenment {unknown}
 n - a potion of invisibility {unknown}
 o - a potion of magic {unknown}
 q - 2 potions of curing


   Skills:
 - Level 3.2 Fighting
 + Level 10.7 Staves
 - Level 3.2 Armour
 - Level 4.0 Shields


You had 8 spell levels left.
You didn't know any spells.
Your spell library contained the following spells:

 Spells                   Type           Power      Damage    Failure   Level
 Sandblast                Erth           0%         2d4       75%         1
 Sublimation of Blood     Necr           0%         N/A       87%         2
 Passwall                 Erth           0%         N/A       98%         3
 Stone Arrow              Conj/Erth      0%         3d7       98%         3
 Brom's Barrelling Bould  Conj/Erth      0%         2d3       100%        4
 Petrify                  Alch/Erth      0%         N/A       100%        4
 Irradiate                Conj/Alch      0%         3d11      100%        5


Dungeon Overview and Level Annotations

Branches:
Dungeon (5/15)
 Temple: D:4-7

Altars:
Ashenzari
Kikubaaqudgha
Okawaru
Ru
Vehumet

Shops:
D:2 [   D:4 [=([=

Annotations:
D:4 1 runed translucent door, SuperJoe's ghost, amateur HuDe


Innate Abilities, Weirdness & Mutations

You cannot be hasted, slowed, berserked, paralysed or teleported.
You can dig through walls and to a lower floor.
You have a pair of large antennae on your head. (SInv)
Your four strong arms can wield two-handed weapons with a shield.


Message History

An orc comes into view. It is wielding a +2 trident of venom.
The orc shouts!
An orc comes into view. It is wielding a +0 hand axe.
An orc priest comes into view. It is wielding a +0 flail.
The orc priest shouts!
The orc priest casts a cantrip, but nothing happens.
The orc hits you with a +2 trident of venom.
You are poisoned.
You sock the orc!
You kill the orc!
You feel very sick. The orc hits you but does no damage.
You are more poisoned.
You hit the orc priest but do no damage.
You feel very sick. The orc priest closely misses you.
The orc closely misses you.
You hit the orc.
The orc is poisoned.
The orc is moderately wounded.
You feel very sick.
You sock the orc!
You kill the orc!
You feel sick.
The orc priest invokes the aid of Beogh against you.
Beogh smites you!
You feel very sick.
The orc priest calls down the wrath of Beogh upon you.
Pain shoots through your body!
* * * LOW HITPOINT WARNING * * *
Things that are here:
a +2 trident of venom; an orc corpse You barely miss the orc priest.
You feel sick.
The orc priest mumbles some strange prayers to Beogh against you.
Beogh smites you!
* * * LOW HITPOINT WARNING * * *
You sock the orc priest! You freeze the orc priest.
The orc priest is almost dead.
* * * LOW HITPOINT WARNING * * *
You feel sick.
The orc priest hits you with a +0 flail.
You die...

#.# #.#.#
#.....# #.#.# {
8[..8 #.#.#
##8## #### #.#.#
##########...#
#.#.#
#............#
##.#.#
#............#
...#.#
####.....o.....#
.....#
#...#....@.....#
...#.#
#..............#
..####
#....#+##+######
..##.# #....+
..##.###....#
..##........#
..##.########
..##.# ..##.# #


You could see an orc priest.

Vanquished Creatures
  Pikel (D:5)
  Prince Ribbit (D:5)
  Duvessa (D:4)
  An ice beast (D:5)
  A scorpion (D:5)
  Dowan (D:4)
  A hound (D:4)
  2 orc priests
  A jelly (D:5)
  Crazy Yiuf (D:3)
  3 orc wizards
  Robin (D:3)
  8 gnolls
  7 adders
  A white imp (D:5)
  2 dart slugs
  17 orcs
  12 ball pythons
  9 endoplasms
  A giant cockroach (D:2)
  9 goblins
  13 hobgoblins
  5 jackals
  A quokka (D:1)
  3 bats
  2 frilled lizards
  8 kobolds
  5 rats
118 creatures vanquished.

Notes
Turn   | Place    | Note
-------+----------+-------------------------------------------
     0 | D:1      | CInkIbrahim the Formicid Fighter began the quest for the
                  | Orb.
     0 | D:1      | Reached XP level 1. HP: 18/18 MP: 1/1
   207 | D:1      | Found a faded altar of an unknown god.
   239 | D:1      | Reached XP level 2. HP: 23/24 MP: 2/2
   448 | D:1      | Reached skill level 3 in Staves
   781 | D:2      | Reached XP level 3. HP: 21/29 MP: 3/3
   875 | D:2      | Found Qionuh's Antique Armour Emporium.
  1030 | D:2      | Reached skill level 4 in Staves
  1030 | D:2      | Reached XP level 4. HP: 32/35 MP: 4/4
  1529 | D:2      | Reached XP level 5. HP: 29/41 MP: 5/5
  1540 | D:3      | Reached skill level 5 in Staves
  1545 | D:3      | Found a broken altar of Ashenzari.
  1845 | D:3      | Noticed Robin
  1874 | D:3      | Killed Robin
  1875 | D:3      | Reached XP level 6. HP: 47/47 MP: 6/6
  1967 | D:3      | Found an ancient bone altar of Kikubaaqudgha.
  2115 | D:3      | Reached skill level 6 in Staves
  2378 | D:3      | Found a runed translucent door.
  2379 | D:3      | Noticed Crazy Yiuf
  2384 | D:3      | Killed Crazy Yiuf
  2511 | D:4      | Found Ynlyoz's Armour Boutique.
  2622 | D:4      | Noticed Duvessa
  2623 | D:4      | Noticed Dowan
  2626 | D:4      | Found an iron altar of Okawaru.
  2643 | D:4      | Killed Duvessa
  2644 | D:4      | Reached skill level 7 in Staves
  2644 | D:4      | Reached XP level 7. HP: 52/52 MP: 7/7
  2659 | D:4      | Killed Dowan
  2762 | D:4      | Found a radiant altar of Vehumet.
  2835 | D:4      | Found a runed translucent door.
  2836 | D:4      | Noticed SuperJoe's ghost (amateur HuDe)
  2840 | D:4      | Found Deyst's Antique Armour Shop.
  2853 | D:4      | Found Sulo's Jewellery Boutique.
  3074 | D:4      | Found Aqesa's Weapon Emporium.
  3199 | D:4      | Found a sacrificial altar of Ru.
  3483 | D:4      | Found Deweolelol's Jewellery Shoppe.
  3743 | D:5      | Entered Level 5 of the Dungeon
  3755 | D:5      | Reached skill level 8 in Staves
  3781 | D:5      | Noticed Prince Ribbit
  3806 | D:5      | Killed Prince Ribbit
  3807 | D:5      | Reached XP level 8. HP: 34/58 MP: 8/8
  3920 | D:5      | Reached skill level 9 in Staves
  4040 | D:5      | Noticed Pikel
  4055 | D:5      | Killed Pikel
  4056 | D:5      | Reached skill level 10 in Staves
  4115 | D:5      | Reached XP level 9. HP: 35/64 MP: 9/9
  4242 | D:5      | HP: 3/64 [poisoned by an orc]
  4242 | D:5      | Slain by an orc priest

Illustrated notes

Levels and vault maps discovered:
D:1:      dpeg_arrival_fog, layout_loops_cross,
          hellmonk_ecumenical_altar_heavens_door, supply_closet_lemuel
D:2:      layout_basic, serial_shops, nicolae_shop_just_a_little_nook,
          wander_ebering_terrifying_dragon_lair
D:3:      layout_basic, lemuel_crystal_altar, cheibrodos_ashenzari_chains,
          uniq_robin, uniq_crazy_yiuf_cottage
D:4:      layout_layer_cave, vehumet_crystals, nicolae_overflow_crystal_walls,
          nicolae_ru_sacrificial_ziggurat, serial_shops,
          nicolae_shop_statue_plus, nicolae_shop_hallway_plus,
          nicolae_shop_gaudy_bauble, nicolae_shop_pleasant_corner_grove, shop,
          ebering_ghost_sewer_d, grunt_decor_clamped,
          hangedman_decor_clover_reticule, corexii_corridor_pit, uniq_duvessa
D:5:      layout_basic, bloody_trog, nicolae_overflow_hidden_temple, uniq_pikel,
          uniq_prince_ribbit1

Skill      XL: |  1  2  3  4  5  6  7  8 |
---------------+-------------------------+-----
Staves         | 3 4 5 7 8 10 | 10.7
Fighting       | |  3.2
Armour         | |  3.2
Shields        | |  4.0

Action                     |  1- 3 |  4- 6 |  7- 9 || total
---------------------------+-------+-------+-------++-------
  Melee: Quarterstaff      |   105 |   149 |   116 ||   370
  Throw: Dart              |       |       |    12 ||    12
Ability: Dig               |       |     2 |       ||     2
    Use: Scroll            |     2 |     2 |       ||     4
         Potion            |       |     4 |       ||     4
 Armour: Scale mail        |    74 |    71 |    63 ||   208
         Skin              |       |    19 |     3 ||    22
  Dodge: Dodged            |    50 |    54 |    44 ||   148
  Block: Buckler           |    22 |    32 |    15 ||    69
